[Event "GambitGuide"]
[Site "Internet Chess Club"]
[Date "2014.10.30"]
[Round "1"]
[White "JSBach"]
[Black "gbpackerfan"]
[Result "1-0"]
[ICCResult "Black resigns"]
[WhiteElo "1677"]
[BlackElo "1643"]
[Opening "Vienna: `Frankenstein-Dracula' variation"]
[ECO "C27"]
[NIC "VG.02"]
[Time "20:56:48"]
[TimeControl "120+12"]

1. e4 e5 2. Nc3 Nf6 3. Bc4 Nxe4 4. Qh5 Nd6 5. Bb3 Nc6 6. Nb5 g6 7. Qf3 f5 8.
Qd5 Qe7 9. Nxc7+ Kd8 10. Nxa8 b6 11. Ba4 Bb7 12. Nxb6 axb6 13. Qb3 b5 14.
Nf3 bxa4 15. Qxa4 e4 16. Nd4 Nxd4 17. Qxd4 Bg7 18. Qb4 Bc6 19. Qb8+ Nc8 20.
Rb1 e3 21. dxe3 Bxg2 22. Rg1 Be4 23. Bd2 Be5 24. Ba5+ {Black resigns} 1-0

[Event "GambitGuide"]
[Site "Internet Chess Club"]
[Date "2014.10.30"]
[Round "1"]
[White "JSBach"]
[Black "CairnTerrier"]
[Result "1-0"]
[ICCResult "Black resigns"]
[WhiteElo "1677"]
[BlackElo "1232"]
[Opening "Vienna: `Frankenstein-Dracula' variation"]
[ECO "C27"]
[NIC "VG.02"]
[Time "20:55:58"]
[TimeControl "120+12"]

1. e4 e5 2. Nc3 Nf6 3. Bc4 Nxe4 4. Qh5 Nd6 5. Bb3 Nc6 6. Nb5 g6 7. Qf3 f5 8.
Qd5 Qe7 9. Nxc7+ Kd8 10. Nxa8 b6 11. Ba4 Nd4 12. f4 exf4+ 13. Kd1 Bg7 14. g4
Bb7 15. Nxb6 Bxd5 16. Nxd5 Qe5 17. Nb4 a5 18. Nd3 Qe4 19. Nf2 Qe5 20. c3 Nc6
21. d4 Qe7 22. Bxf4 Ne4 23. Nxe4 Qxe4 24. Bxc6 Qxf4 25. Bf3 h5 26. gxh5 gxh5
27. Kc2 Bh6 28. Rd1 Re8 29. h4 Re3 30. Rh3 d6 31. Ne2 Qxf3 32. Rxf3 Rxf3 33.
d5 Rf2 34. Kd3 Rf3+ 35. Kc2 Rf2 36. Kd3 Rf3+ 37. Kc2 Kd7 38. c4 a4 39. b4 a3
40. Nd4 Rf2+ 41. Kb3 Rb2+ 42. Kxa3 Rd2 43. Rxd2 Bxd2 44. Nxf5 {Black
resigns} 1-0

[Event "GambitGuide"]
[Site "Internet Chess Club"]
[Date "2014.10.30"]
[Round "1"]
[White "JSBach"]
[Black "gbpackerfan"]
[Result "1-0"]
[ICCResult "Black resigns"]
[WhiteElo "1677"]
[BlackElo "1643"]
[Opening "Vienna: `Frankenstein-Dracula' variation"]
[ECO "C27"]
[NIC "VG.02"]
[Time "20:57:30"]
[TimeControl "120+12"]

1. e4 e5 2. Nc3 Nf6 3. Bc4 Nxe4 4. Qh5 Nd6 5. Bb3 Nc6 6. Nb5 g6 7. Qf3 f5 8.
Qd5 Qe7 9. Nxc7+ Kd8 10. Nxa8 b6 11. Ba4 Bb7 12. Nxb6 axb6 13. Qb3 b5 14.
Ne2 bxa4 15. Qxa4 Bg7 16. Nc3 Kc7 17. Nd5+ {Black resigns} 1-0

[Event "GambitGuide"]
[Site "Internet Chess Club"]
[Date "2014.10.30"]
[Round "1"]
[White "JSBach"]
[Black "CairnTerrier"]
[Result "1-0"]
[ICCResult "Black resigns"]
[WhiteElo "1677"]
[BlackElo "1232"]
[Opening "Vienna: `Frankenstein-Dracula' variation"]
[ECO "C27"]
[NIC "VG.02"]
[Time "20:57:47"]
[TimeControl "120+12"]

1. e4 e5 2. Nc3 Nf6 3. Bc4 Nxe4 4. Qh5 Nd6 5. Bb3 Nc6 6. Nb5 g6 7. Qf3 f5 8.
Qd5 Qe7 9. Nxc7+ Kd8 10. Nxa8 b6 11. Ba4 Nd4 12. f4 Bg7 13. fxe5 {Black
resigns} 1-0

[Event "GambitGuide"]
[Site "Internet Chess Club"]
[Date "2014.10.30"]
[Round "1"]
[White "JSBach"]
[Black "bobbyjones"]
[Result "1-0"]
[ICCResult "Black resigns"]
[WhiteElo "1677"]
[BlackElo "1038"]
[Opening "Vienna: `Frankenstein-Dracula' variation"]
[ECO "C27"]
[NIC "VG.02"]
[Time "20:56:20"]
[TimeControl "120+12"]

1. e4 e5 2. Nc3 Nf6 3. Bc4 Nxe4 4. Qh5 Nd6 5. Bb3 Nc6 6. Nb5 g6 7. Qf3 f5 8.
Qd5 Qe7 9. Nxc7+ Kd8 10. Nxa8 b6 11. Ba4 Bb7 12. Nxb6 axb6 13. Qb3 Kc7 14.
Ne2 b5 15. Bxb5 Nxb5 16. Qxb5 Na7 17. Qa5+ Kb8 18. Qb6 Qc5 19. Qd8+ Bc8 20.
Qf6 Bh6 21. Qxh8 Nc6 22. Qxh7 Bf8 23. c3 e4 24. Qxg6 d5 25. d4 exd3 26. Qg3+
Bd6 27. Qxd3 Na5 28. Nf4 Nc4 29. Qxd5 Qc7 30. Qb5+ Nb6 31. Nd5 Qb7 32. Qxb6
{Black resigns}
1-0

[Event "GambitGuide"]
[Site "Internet Chess Club"]
[Date "2014.10.30"]
[Round "1"]
[White "JSBach"]
[Black "chelsee"]
[Result "1/2-1/2"]
[ICCResult "Game drawn by repetition"]
[WhiteElo "1677"]
[BlackElo "1706"]
[Opening "Vienna: `Frankenstein-Dracula' variation"]
[ECO "C27"]
[NIC "VG.02"]
[Time "20:54:49"]
[TimeControl "120+12"]

1. e4 e5 2. Nc3 Nf6 3. Bc4 Nxe4 4. Qh5 Nd6 5. Bb3 Nc6 6. Nb5 g6 7. Qf3 f5 8.
Qd5 Qe7 9. Nxc7+ Kd8 10. Nxa8 b6 11. Ba4 Nd4 12. f4 exf4+ 13. Kd1 Bh6 14.
Qxd4 Re8 15. Qf2 Ne4 16. Qf1 Qd6 17. Qf3 Bb7 18. Nxb6 axb6 19. Qf1 Nc5 20.
Bb5 Ne4 21. Nf3 Qc5 22. d4 Qd6 23. Rg1 g5 24. Qe1 g4 25. Nd2 f3 26. Nxf3
gxf3 27. Qh4+ Kc8 28. c3 Be3 29. Bxe3 f2 30. Bxf2 Nxf2+ 31. Qxf2 Qxh2 32.
Re1 Rxe1+ 33. Qxe1 Qh5+ 34. Be2 Qg5 35. g3 Kb8 36. Bd3 Qg4+ 37. Be2 Qg5 38.
Qf2 h5 39. Qh2 Qe3 40. g4+ Ka7 41. gxh5 f4 42. Bg4 f3 43. h6 f2 44. Be2 Bf3
45. Qc7+ Ka8 46. Qc8+ Ka7 47. Qxd7+ Ka8 48. Qc8+ Ka7 49. Qa6+ Kb8 50. Qxb6+
Ka8 51. Qa6+ Kb8 52. Qb5+ Ka8 53. Bxf3+ Qxf3+ 54. Kd2 Qf4+ 55. Ke2 Qxh6 56.
Qd5+ Ka7 57. Qc5+ Ka8 58. Qd5+ Ka7 59. Qa5+ Kb8 60. Qd8+ Ka7 61. Qa5+ Kb8
62. Rf1 Qh3 63. a4 Qg4+ 64. Kxf2 Qf4+ 65. Kg2 Qg4+ 66. Kf2 Qf4+ 67. Kg2 Qg4+
68. Kf2 Qf4+ 69. Kg2 Qg4+ 70. Kf2 Qf4+ 71. Kg2 {Game drawn by repetition}
1/2-1/2

[Event "GambitGuide"]
[Site "Internet Chess Club"]
[Date "2014.10.30"]
[Round "1"]
[White "JSBach"]
[Black "gbpackerfan"]
[Result "1-0"]
[ICCResult "Black resigns"]
[WhiteElo "1677"]
[BlackElo "1643"]
[Opening "Vienna: `Frankenstein-Dracula' variation"]
[ECO "C27"]
[NIC "VG.02"]
[Time "20:57:53"]
[TimeControl "120+12"]

1. e4 e5 2. Nc3 Nf6 3. Bc4 Nxe4 4. Qh5 Nd6 5. Bb3 Nc6 6. Nb5 g6 7. Qf3 f5 8.
Qd5 Qe7 9. Nxc7+ Kd8 10. Nxa8 b6 11. Ba4 Bb7 12. Nxb6 axb6 13. Qb3 b5 14.
Ne2 bxa4 15. Qxa4 Kc7 16. Nc3 Qe6 17. O-O Bg7 18. Re1 Nd4 19. Qa5+ Kc8 20.
Na4 Kb8 21. Nc5 Qd5 22. Nxd7+ Kc8 23. Nb6+ {Black resigns} 1-0

[Event "GambitGuide"]
[Site "Internet Chess Club"]
[Date "2014.10.30"]
[Round "1"]
[White "JSBach"]
[Black "CairnTerrier"]
[Result "1-0"]
[ICCResult "Black resigns"]
[WhiteElo "1677"]
[BlackElo "1232"]
[Opening "Vienna: `Frankenstein-Dracula' variation"]
[ECO "C27"]
[NIC "VG.02"]
[Time "20:57:59"]
[TimeControl "120+12"]

1. e4 e5 2. Nc3 Nf6 3. Bc4 Nxe4 4. Qh5 Nd6 5. Bb3 Nc6 6. Nb5 g6 7. Qf3 f5 8.
Qd5 Qe7 9. Nxc7+ Kd8 10. Nxa8 b6 11. Ba4 Nd4 12. f4 exf4+ 13. Kd1 Bg7 14. g4
Bb7 15. Nxb6 Bxd5 16. Nxd5 Qe5 17. Nb4 Nc4 18. gxf5 Qxf5 19. d3 Ne3+ 20. Ke1
g5 21. c3 Ne6 22. Ne2 f3 23. Bxe3 fxe2 24. Kxe2 Be5 25. Rae1 h5 26. Bxa7 g4
27. Rhf1 Qg5 28. Rf7 Nf4+ 29. Kf1 Qh4 30. Rxe5 Qh3+ 31. Ke1 Ng2+ 32. Kd1
Ne3+ 33. Bxe3 Re8 34. Rxd7+ {Black resigns} 1-0

[Event "GambitGuide"]
[Site "Internet Chess Club"]
[Date "2014.10.30"]
[Round "1"]
[White "JSBach"]
[Black "gbpackerfan"]
[Result "1-0"]
[ICCResult "Black resigns"]
[WhiteElo "1677"]
[BlackElo "1643"]
[Opening "Vienna: `Frankenstein-Dracula' variation"]
[ECO "C27"]
[NIC "VG.02"]
[Time "20:58:54"]
[TimeControl "120+12"]

1. e4 e5 2. Nc3 Nf6 3. Bc4 Nxe4 4. Qh5 Nd6 5. Bb3 Nc6 6. Nb5 g6 7. Qf3 f5 8.
Qd5 Qe7 9. Nxc7+ Kd8 10. Nxa8 b6 11. Ba4 Bb7 12. Nxb6 axb6 13. Qb3 b5 14.
Nf3 bxa4 15. Qxa4 Bg7 16. O-O Kc7 17. Re1 Ra8 18. Qb3 e4 19. d3 Qf6 20. Ng5
exd3 21. cxd3 Nd4 22. Qc3+ Nc6 23. Qxf6 Bxf6 24. Nxh7 Be7 25. g3 Rh8 26. Ng5
Bxg5 27. Bxg5 Nb4 28. Rac1+ Kb6 29. Be7 Nxd3 30. Bxd6 Nxc1 31. Rxc1 Ra8 32.
a3 Bd5 33. h4 Ra6 34. Rc5 Bc6 35. h5 gxh5 36. Rxf5 {Black resigns} 1-0

[Event "GambitGuide"]
[Site "Internet Chess Club"]
[Date "2014.10.30"]
[Round "1"]
[White "JSBach"]
[Black "CairnTerrier"]
[Result "1-0"]
[ICCResult "Black resigns"]
[WhiteElo "1677"]
[BlackElo "1232"]
[Opening "Vienna: `Frankenstein-Dracula' variation"]
[ECO "C27"]
[NIC "VG.02"]
[Time "20:59:19"]
[TimeControl "120+12"]

1. e4 e5 2. Nc3 Nf6 3. Bc4 Nxe4 4. Qh5 Nd6 5. Bb3 Nc6 6. Nb5 g6 7. Qf3 f5 8.
Qd5 Qe7 9. Nxc7+ Kd8 10. Nxa8 b6 11. Ba4 Nd4 12. f4 exf4+ 13. Kd1 Bg7 14. g4
Bb7 15. Nxb6 Bxd5 16. Nxd5 Qe5 17. Nb4 a5 18. c3 axb4 19. cxd4 Qxd4 20. Ne2
Qe4 21. Re1 f3 22. Nc3 Qd3 23. Re3 Qf1+ 24. Re1 Qf2 25. Nd5 Bd4 26. Re7 Re8
27. Rxd7+ Kc8 28. Rc7+ Kb8 29. Bxe8 Qe2+ 30. Kc2 Nb5 31. Re7 Qc4+ 32. Nc3
bxc3 33. dxc3 Qe2+ 34. Rxe2 fxe2 35. Bf4+ Kb7 36. Bxb5 Kb6 37. Bxe2
{Black resigns}
1-0

[Event "GambitGuide"]
[Site "Internet Chess Club"]
[Date "2014.10.30"]
[Round "1"]
[White "JSBach"]
[Black "bobbyjones"]
[Result "1-0"]
[ICCResult "Black resigns"]
[WhiteElo "1677"]
[BlackElo "1038"]
[Opening "Vienna: `Frankenstein-Dracula' variation"]
[ECO "C27"]
[NIC "VG.02"]
[Time "20:59:31"]
[TimeControl "120+12"]

1. e4 e5 2. Nc3 Nf6 3. Bc4 Nxe4 4. Qh5 Nd6 5. Bb3 Nc6 6. Nb5 g6 7. Qf3 f5 8.
Qd5 Qe7 9. Nxc7+ Kd8 10. Nxa8 b6 11. Ba4 Bb7 12. Nxb6 axb6 13. Qb3 Kc7 14.
Ne2 Na5 15. Qg3 Ne4 16. Qh3 Qb4 17. b3 Bc5 18. f3 Nf2 19. Qg3 Nxh1 20. Qxe5+
Bd6 21. Qxh8 Qc5 22. d4 Qd5 23. Qxh7 Qe6 24. Kf1 Bxf3 25. gxf3 Bxh2 26.
Qxh2+ {Black resigns} 1-0

[Event "GambitGuide"]
[Site "Internet Chess Club"]
[Date "2014.10.30"]
[Round "1"]
[White "JSBach"]
[Black "InstantKarma"]
[Result "1-0"]
[ICCResult "Black checkmated"]
[WhiteElo "1672"]
[BlackElo "1557"]
[Opening "Vienna: `Frankenstein-Dracula' variation"]
[ECO "C27"]
[NIC "VG.02"]
[Time "21:00:27"]
[TimeControl "120+12"]

1. e4 e5 2. Nc3 Nf6 3. Bc4 Nxe4 4. Qh5 Nd6 5. Bb3 Nc6 6. Nb5 g6 7. Qf3 f5 8.
Qd5 Qe7 9. Nxc7+ Kd8 10. Nxa8 b6 11. Ba4 Nd4 12. f4 Bb7 13. Qxe5 Bxg2 14.
Nxb6 Qh4+ 15. Kd1 Qg4+ 16. Ne2 Bg7 17. h3 Qf3 18. Bc6 Qxc6 19. Qxg7 Qf3 20.
Qxd7# {Black checkmated} 1-0

[Event "GambitGuide"]
[Site "Internet Chess Club"]
[Date "2014.10.30"]
[Round "1"]
[White "JSBach"]
[Black "MoonlightWizard"]
[Result "1-0"]
[ICCResult "Black resigns"]
[WhiteElo "1672"]
[BlackElo "2935"]
[Opening "Vienna: `Frankenstein-Dracula' variation"]
[ECO "C27"]
[NIC "VG.02"]
[Time "21:00:45"]
[TimeControl "120+12"]

1. e4 e5 2. Nc3 Nf6 3. Bc4 Nxe4 4. Qh5 Nd6 5. Bb3 Nc6 6. Nb5 g6 7. Qf3 f5 8.
Qd5 Qe7 9. Nxc7+ Kd8 10. Nxa8 b6 11. Ba4 Bb7 12. Nxb6 axb6 13. Qb3 Kc7 14.
Ne2 Qh4 15. O-O Bg7 16. Re1 e4 17. d4 g5 18. c3 f4 19. d5 Na5 20. Qb4 Qg4
21. h3 Qf5 22. h4 Qg4 23. hxg5 f3 24. Nf4 Be5 25. g3 Rf8 26. Rxe4 Nxe4 27.
Qxf8 Nxg5 28. Qe7 Bd6 29. Bxd7 Qxd7 30. Qxg5 {Black resigns} 1-0

[Event "GambitGuide"]
[Site "Internet Chess Club"]
[Date "2014.10.30"]
[Round "1"]
[White "JSBach"]
[Black "MoonlightWizard"]
[Result "1-0"]
[ICCResult "Black resigns"]
[WhiteElo "1672"]
[BlackElo "2935"]
[Opening "Vienna: `Frankenstein-Dracula' variation"]
[ECO "C27"]
[NIC "VG.02"]
[Time "21:01:36"]
[TimeControl "120+12"]

1. e4 e5 2. Nc3 Nf6 3. Bc4 Nxe4 4. Qh5 Nd6 5. Bb3 Nc6 6. Nb5 g6 7. Qf3 f5 8.
Qd5 Qe7 9. Nxc7+ Kd8 10. Nxa8 b6 11. Ba4 Bb7 12. Nxb6 axb6 13. Qb3 Kc7 14.
Nf3 e4 15. Nd4 Bg7 16. Bxc6 dxc6 17. Ne6+ {Black resigns} 1-0

[Event "GambitGuide"]
[Site "Internet Chess Club"]
[Date "2014.10.30"]
[Round "1"]
[White "JSBach"]
[Black "SeriousGacky"]
[Result "1-0"]
[ICCResult "Black resigns"]
[WhiteElo "1672"]
[BlackElo "980"]
[Opening "Vienna: `Frankenstein-Dracula' variation"]
[ECO "C27"]
[NIC "VG.02"]
[Time "21:00:29"]
[TimeControl "120+12"]

1. e4 e5 2. Nc3 Nf6 3. Bc4 Nxe4 4. Qh5 Nd6 5. Bb3 Nc6 6. Nb5 g6 7. Qf3 f5 8.
Qd5 Qe7 9. Nxc7+ Kd8 10. Nxa8 b6 11. Ba4 Bb7 12. Nxb6 axb6 13. Qb3 Kc7 14.
Ne2 e4 15. d4 Ba6 16. Nf4 Nxd4 17. Nd5+ {Black resigns} 1-0

[Event "GambitGuide"]
[Site "Internet Chess Club"]
[Date "2014.10.30"]
[Round "1"]
[White "JSBach"]
[Black "Euthyphro"]
[Result "0-1"]
[ICCResult "White checkmated"]
[WhiteElo "1672"]
[BlackElo "2164"]
[Opening "Vienna: `Frankenstein-Dracula' variation"]
[ECO "C27"]
[NIC "VG.02"]
[Time "20:57:27"]
[TimeControl "120+12"]

1. e4 e5 2. Nc3 Nf6 3. Bc4 Nxe4 4. Qh5 Nd6 5. Bb3 Nc6 6. Nb5 g6 7. Qf3 f5 8.
Qd5 Qe7 9. Nxc7+ Kd8 10. Nxa8 b6 11. Ba4 Ba6 12. Bxc6 dxc6 13. Qb3 Kc8 14.
Qa4 Kb7 15. g4 e4 16. gxf5 gxf5 17. d4 exd3+ 18. Be3 d2+ 19. Kxd2 Nc4+ 20.
Kc1 Nxe3 21. fxe3 Qxe3+ 22. Kd1 Bb4 23. c3 Rd8+ 24. Kc2 Qd3+ 25. Kb3 Qc4+
26. Kc2 Qe4+ 27. Kc1 Qe1+ 28. Kc2 Qe4+ 29. Kc1 Qxh1 30. Kc2 Qe4+ 31. Kc1
Qe3+ 32. Kc2 Qd3+ 33. Kb3 c5 34. Nxb6 axb6 35. Qxb4 cxb4 36. Kxb4 Qc4+ 37.
Ka3 Qc5+ 38. Ka4 Bc4 39. Re1 Ra8# {White checkmated} 0-1

[Event "GambitGuide"]
[Site "Internet Chess Club"]
[Date "2014.10.30"]
[Round "1"]
[White "JSBach"]
[Black "chelsee"]
[Result "1-0"]
[ICCResult "Black checkmated"]
[WhiteElo "1672"]
[BlackElo "1706"]
[Opening "Vienna: `Frankenstein-Dracula' variation"]
[ECO "C27"]
[NIC "VG.02"]
[Time "20:58:38"]
[TimeControl "120+12"]

1. e4 e5 2. Nc3 Nf6 3. Bc4 Nxe4 4. Qh5 Nd6 5. Bb3 Nc6 6. Nb5 g6 7. Qf3 f5 8.
Qd5 Qe7 9. Nxc7+ Kd8 10. Nxa8 b6 11. Ba4 Nd4 12. f4 exf4+ 13. Kd1 Qe4 14.
Qxe4 fxe4 15. c3 N4f5 16. d3 exd3 17. Bxf4 b5 18. Be5 Bg7 19. Bxg7 Nxg7 20.
Bc2 dxc2+ 21. Kxc2 Nc4 22. Ne2 Nf5 23. Rhe1 Bb7 24. a4 Be4+ 25. Kb3 Nd2+ 26.
Kb4 Bxa8 27. axb5 Rf8 28. Red1 Ne4 29. Rxa7 Ke7 30. Rdxd7+ Kf6 31. b6 Rb8
32. b7 Bxb7 33. Rdxb7 Rd8 34. Rxh7 Nd2 35. Rhd7 Rb8+ 36. Rab7 Rxb7+ 37. Rxb7
Ne4 38. b3 Nfd6 39. Rd7 Ke6 40. Rg7 Kf6 41. Rg8 Kf7 42. Ra8 Ke6 43. Nf4+ Kf5
44. Rf8+ Ke5 45. Nxg6+ Kd5 46. c4+ Kc6 47. Ne5+ Kc7 48. c5 Nb7 49. Rf7+ Kb8
50. c6 Nbd6 51. Rd7 Kc8 52. h4 Nf5 53. h5 Neg3 54. Rf7 Kd8 55. Kc5 Nh6 56.
Rh7 Nhf5 57. h6 Ke8 58. Rh8+ Ke7 59. Re8+ Kxe8 60. h7 Ne4+ 61. Kb6 Nfd6 62.
h8=Q+ Ke7 63. c7 Nf6 64. Nc4 Nfe8 65. Nxd6 Nxd6 66. g4 Kd7 67. Qd8+ Ke6 68.
Kc6 Ne4 69. c8=Q+ Ke5 70. Qf5# {Black checkmated} 1-0

[Event "GambitGuide"]
[Site "Internet Chess Club"]
[Date "2014.10.30"]
[Round "1"]
[White "JSBach"]
[Black "MoonlightWizard"]
[Result "1-0"]
[ICCResult "Black resigns"]
[WhiteElo "1672"]
[BlackElo "2935"]
[Opening "Vienna: `Frankenstein-Dracula' variation"]
[ECO "C27"]
[NIC "VG.02"]
[Time "21:01:52"]
[TimeControl "120+12"]

1. e4 e5 2. Nc3 Nf6 3. Bc4 Nxe4 4. Qh5 Nd6 5. Bb3 Nc6 6. Nb5 g6 7. Qf3 f5 8.
Qd5 Qe7 9. Nxc7+ Kd8 10. Nxa8 b6 11. Ba4 Bb7 12. Nxb6 axb6 13. Qb3 Kc7 14.
Ne2 Qh4 15. O-O Bg7 16. Re1 e4 17. g3 Qh6 18. d4 g5 19. Be3 Rf8 20. d5
{Black resigns}
1-0

[Event "GambitGuide"]
[Site "Internet Chess Club"]
[Date "2014.10.30"]
[Round "1"]
[White "JSBach"]
[Black "CairnTerrier"]
[Result "0-1"]
[ICCResult "White checkmated"]
[WhiteElo "1672"]
[BlackElo "1232"]
[Opening "Vienna: `Frankenstein-Dracula' variation"]
[ECO "C27"]
[NIC "VG.02"]
[Time "21:00:46"]
[TimeControl "120+12"]

1. e4 e5 2. Nc3 Nf6 3. Bc4 Nxe4 4. Qh5 Nd6 5. Bb3 Nc6 6. Nb5 g6 7. Qf3 f5 8.
Qd5 Qe7 9. Nxc7+ Kd8 10. Nxa8 b6 11. Ba4 Nd4 12. f4 exf4+ 13. Kd1 Bg7 14. g4
Bb7 15. Nxb6 Bxd5 16. Nxd5 Qe5 17. Nb4 f3 18. Nd3 Qe4 19. Nf2 Qe5 20. c3 Ne6
21. d4 Qa5 22. Bb3 Qb5 23. Nxf3 fxg4 24. Nd2 Nf4 25. Re1 Re8 26. Rxe8+ Kxe8
27. Nc4 Nxc4 28. Bxf4 Nxb2+ 29. Ke1 Nd3+ 30. Nxd3 Qxd3 31. Bd2 Bh6 32. Rd1
Qe4+ 33. Kf2 Bxd2 34. Rxd2 Qf3+ 35. Kg1 h5 36. Rf2 Qe3 37. Bf7+ Ke7 38. Bxg6
h4 39. Bf5 g3 40. hxg3 hxg3 41. Kh1 Qxf2 42. Bb1 Qh2# {White checkmated} 0-1

[Event "GambitGuide"]
[Site "Internet Chess Club"]
[Date "2014.10.30"]
[Round "1"]
[White "JSBach"]
[Black "MoonlightWizard"]
[Result "1-0"]
[ICCResult "Black resigns"]
[WhiteElo "1672"]
[BlackElo "2935"]
[Opening "Vienna: `Frankenstein-Dracula' variation"]
[ECO "C27"]
[NIC "VG.02"]
[Time "21:02:14"]
[TimeControl "120+12"]

1. e4 e5 2. Nc3 Nf6 3. Bc4 Nxe4 4. Qh5 Nd6 5. Bb3 Nc6 6. Nb5 g6 7. Qf3 f5 8.
Qd5 Qe7 9. Nxc7+ Kd8 10. Nxa8 b6 11. Ba4 Bb7 12. Nxb6 axb6 13. Qb3 Kc7 14.
Ne2 Qh4 15. O-O Bg7 16. g3 Qh3 17. Re1 {Black resigns} 1-0

[Event "GambitGuide"]
[Site "Internet Chess Club"]
[Date "2014.10.30"]
[Round "1"]
[White "JSBach"]
[Black "MoonlightWizard"]
[Result "1-0"]
[ICCResult "Black resigns"]
[WhiteElo "1672"]
[BlackElo "2935"]
[Opening "Vienna: `Frankenstein-Dracula' variation"]
[ECO "C27"]
[NIC "VG.02"]
[Time "21:02:31"]
[TimeControl "120+12"]

1. e4 e5 2. Nc3 Nf6 3. Bc4 Nxe4 4. Qh5 Nd6 5. Bb3 Nc6 6. Nb5 g6 7. Qf3 f5 8.
Qd5 Qe7 9. Nxc7+ Kd8 10. Nxa8 b6 11. Ba4 Bb7 12. Nxb6 axb6 13. Qb3 Kc7 14.
Ne2 e4 15. Nc3 {Black resigns} 1-0

[Event "GambitGuide"]
[Site "Internet Chess Club"]
[Date "2014.10.30"]
[Round "1"]
[White "JSBach"]
[Black "MoonlightWizard"]
[Result "0-1"]
[ICCResult "White checkmated"]
[WhiteElo "1667"]
[BlackElo "2935"]
[Opening "Vienna: `Frankenstein-Dracula' variation"]
[ECO "C27"]
[NIC "VG.02"]
[Time "21:02:53"]
[TimeControl "120+12"]

1. e4 e5 2. Nc3 Nf6 3. Bc4 Nxe4 4. Qh5 Nd6 5. Bb3 Nc6 6. Nb5 g6 7. Qf3 f5 8.
Qd5 Qe7 9. Nxc7+ Kd8 10. Nxa8 b6 11. Ba4 Bb7 12. Nxb6 axb6 13. Qb3 Kc7 14.
Ne2 Qh4 15. O-O e4 16. Re1 g5 17. d4 Bg7 18. g3 Qg4 19. c3 f4 20. d5 Na5 21.
Qb4 f3 22. Nd4 Bxd4 23. Qxd4 Qh3 24. Qxb6+ Kxb6 25. Be3+ Kc7 26. Bb6+ Kxb6
27. b4 Qg2# {White checkmated} 0-1

[Event "GambitGuide"]
[Site "Internet Chess Club"]
[Date "2014.10.30"]
[Round "1"]
[White "JSBach"]
[Black "chelsee"]
[Result "1-0"]
[ICCResult "Black checkmated"]
[WhiteElo "1663"]
[BlackElo "1706"]
[Opening "Vienna: `Frankenstein-Dracula' variation"]
[ECO "C27"]
[NIC "VG.02"]
[Time "21:02:15"]
[TimeControl "120+12"]

1. e4 e5 2. Nc3 Nf6 3. Bc4 Nxe4 4. Qh5 Nd6 5. Bb3 Nc6 6. Nb5 g6 7. Qf3 f5 8.
Qd5 Qe7 9. Nxc7+ Kd8 10. Nxa8 b6 11. Ba4 Nd4 12. f4 b5 13. fxe5 bxa4 14.
Qxd4 Nb5 15. Qd5 d6 16. Qxb5 Qxe5+ 17. Qxe5 dxe5 18. d3 Bb7 19. Bg5+ Kc8 20.
Bf6 Rg8 21. Bxe5 Bxa8 22. Kf2 g5 23. c4 g4 24. Bd4 f4 25. Bxa7 Kb7 26. Bd4
g3+ 27. Ke2 Bd6 28. hxg3 fxg3 29. Rxh7+ Kc6 30. Re1 Re8+ 31. Kd1 Rf8 32. Nf3
Bb4 33. Re6+ Bd6 34. Ne5# {Black checkmated} 1-0

[Event "GambitGuide"]
[Site "Internet Chess Club"]
[Date "2014.10.30"]
[Round "1"]
[White "JSBach"]
[Black "InstantKarma"]
[Result "1-0"]
[ICCResult "Black resigns"]
[WhiteElo "1663"]
[BlackElo "1557"]
[Opening "Vienna: `Frankenstein-Dracula' variation"]
[ECO "C27"]
[NIC "VG.02"]
[Time "21:04:23"]
[TimeControl "120+12"]

1. e4 e5 2. Nc3 Nf6 3. Bc4 Nxe4 4. Qh5 Nd6 5. Bb3 Nc6 6. Nb5 g6 7. Qf3 f5 8.
Qd5 Qe7 9. Nxc7+ Kd8 10. Nxa8 b6 11. Ba4 Nd4 12. f4 Bb7 13. Qxe5 Bxg2 14.
Nxb6 Qh4+ 15. Kd1 Qg4+ 16. Ne2 Bg7 17. h3 Re8 18. hxg4 Rxe5 19. fxe5
{Black resigns}
1-0

[Event "GambitGuide"]
[Site "Internet Chess Club"]
[Date "2014.10.30"]
[Round "1"]
[White "JSBach"]
[Black "bobbyjones"]
[Result "1-0"]
[ICCResult "Black resigns"]
[WhiteElo "1663"]
[BlackElo "1038"]
[Opening "Vienna: `Frankenstein-Dracula' variation"]
[ECO "C27"]
[NIC "VG.02"]
[Time "21:02:30"]
[TimeControl "120+12"]

1. e4 e5 2. Nc3 Nf6 3. Bc4 Nxe4 4. Qh5 Nd6 5. Bb3 Nc6 6. Nb5 g6 7. Qf3 f5 8.
Qd5 Qe7 9. Nxc7+ Kd8 10. Nxa8 b6 11. Ba4 b5 12. Bxb5 Nxb5 13. Qxb5 Bg7 14.
Ne2 Ke8 15. d3 Kf8 16. Nc7 Qd6 17. Nd5 a6 18. Qc4 Na5 19. Qb4 Qxb4+ 20. Nxb4
Bb7 21. Rg1 e4 22. d4 d5 23. Nf4 Bf6 24. c3 Bc6 25. Nfxd5 Bxd5 26. Nxd5 Bd8
27. Nb4 Bb6 28. Nxa6 Kg7 29. d5 Re8 30. b4 Nb7 31. a4 Nd6 32. Bf4 Nc4 33. a5
Nb2 34. axb6 Nd3+ 35. Kd2 Nxf4 36. b7 Nxd5 37. b8=Q Rxb8 38. Nxb8 f4 39.
Ra7+ Kh6 40. Re1 e3+ 41. fxe3 fxe3+ 42. Rxe3 Nxe3 43. Kxe3 {Black resigns}
1-0

[Event "GambitGuide"]
[Site "Internet Chess Club"]
[Date "2014.10.30"]
[Round "1"]
[White "JSBach"]
[Black "TravisMcGee"]
[Result "1-0"]
[ICCResult "Black resigns"]
[WhiteElo "1663"]
[BlackElo "1533"]
[Opening "Vienna: `Frankenstein-Dracula' variation"]
[ECO "C27"]
[NIC "VG.02"]
[Time "21:05:18"]
[TimeControl "120+12"]

1. e4 e5 2. Nc3 Nf6 3. Bc4 Nxe4 4. Qh5 Nd6 5. Bb3 Nc6 6. Nb5 g6 7. Qf3 f5 8.
Qd5 Qe7 9. Nxc7+ Kd8 10. Nxa8 b6 11. Ba4 g5 12. Bxc6 {Black resigns} 1-0

[Event "GambitGuide"]
[Site "Internet Chess Club"]
[Date "2014.10.30"]
[Round "1"]
[White "JSBach"]
[Black "chelsee"]
[Result "1/2-1/2"]
[ICCResult "White stalemated"]
[WhiteElo "1663"]
[BlackElo "1706"]
[Opening "Vienna: `Frankenstein-Dracula' variation"]
[ECO "C27"]
[NIC "VG.02"]
[Time "21:04:06"]
[TimeControl "120+12"]

1. e4 e5 2. Nc3 Nf6 3. Bc4 Nxe4 4. Qh5 Nd6 5. Bb3 Nc6 6. Nb5 g6 7. Qf3 f5 8.
Qd5 Qe7 9. Nxc7+ Kd8 10. Nxa8 b6 11. Ba4 Nd4 12. f4 exf4+ 13. Kd1 Bg7 14. g4
fxg3 15. Nxb6 Re8 16. Qe6 Nxe6 17. hxg3 Nc5 18. c4 Qe1+ 19. Kc2 Qe4+ 20. Kd1
Qxh1 21. Nxc8 Qxg1+ 22. Kc2 Re1 23. Nxd6 Be5 24. Nf7+ Kc7 25. Bb5 Bxg3 26.
Ng5 Rf1 27. Nh3 Qg2 28. Ng5 h6 29. b4 Ne4 30. Nxe4 Qxe4+ 31. d3 Rf2+ 32. Bd2
Qe2 33. Rd1 Bf4 34. c5 Bxd2 35. d4 Bxb4+ 36. Bxe2 Rxe2+ 37. Kb3 Ba5 38. Rg1
Re6 39. d5 Rf6 40. Rh1 h5 41. Ka4 Bd2 42. d6+ Kc6 43. Rd1 Be3 44. Re1 Bxc5
45. Kb3 Bxd6 46. Rc1+ Kd5 47. Rd1+ Ke6 48. a3 a5 49. Re1+ Kf7 50. Ka4 Bc7
51. Rd1 d6 52. Rc1 Bb6 53. Rb1 Bc5 54. Rb3 f4 55. Kxa5 f3 56. Rb1 f2 57. Rf1
g5 58. a4 g4 59. Rh1 f1=Q 60. Rxh5 d5 61. Rh7+ Kg6 62. Rg7+ Kxg7
{White stalemated}
1/2-1/2

[Event "GambitGuide"]
[Site "Internet Chess Club"]
[Date "2014.10.30"]
[Round "1"]
[White "JSBach"]
[Black "TravisMcGee"]
[Result "1-0"]
[ICCResult "Black resigns"]
[WhiteElo "1663"]
[BlackElo "1533"]
[Opening "Vienna: `Frankenstein-Dracula' variation"]
[ECO "C27"]
[NIC "VG.02"]
[Time "21:05:45"]
[TimeControl "120+12"]

1. e4 e5 2. Nc3 Nf6 3. Bc4 Nxe4 4. Qh5 Nd6 5. Bb3 Nc6 6. Nb5 g6 7. Qf3 f5 8.
Qd5 Qe7 9. Nxc7+ Kd8 10. Nxa8 b6 11. Ba4 Bb7 12. Nxb6 axb6 13. Qb3 g5 14.
Qxb6+ Kc8 15. Bb3 {Black resigns} 1-0